 Dungeon Crawl Stone Soup version 0.22.1 (webtiles) character file.

78 JedernureinKreuz the Conjurer (level 3, -5/26 HPs)
             Began as a Demigod Conjurer on Sept 18, 2018.
             Killed from afar by Sigmund (8 damage)
             ... with a magic dart
             ... on level 2 of the Dungeon.
             The game lasted 00:06:58 (1717 turns).

JedernureinKreuz the Conjurer (Demigod Conjurer)    Turns: 1717, Time: 00:06:59

Health: -5/26      AC:  4    Str: 11    XL:     3   Next: 94%
Magic:  1/8        EV: 10    Int: 21    God:
Gold:   61         SH:  0    Dex: 16    Spells: 5/6 levels left

rFire    . . .     SeeInvis .   b - -1 dagger (curse)
rCold    . . .     Gourm    .   e - +0 shield
rNeg     . . .     Faith    .   a - +0 robe
rPois    .         Spirit   .   (no helmet)
rElec    .         Reflect  .   (no cloak)
rCorr    .         Harm     .   g - +1 pair of gloves
MR       .....                  (no boots)
Stlth    +.........             (no amulet)
HPRegen  0.08/turn              (no ring)
MPRegen  0.11/turn              (no ring)

@: confused
A: high mp 1
a: no special abilities


You were on level 2 of the Dungeon.
You were not hungry.

You visited 1 branch of the dungeon, and saw 2 of its levels.

You collected 61 gold pieces.

Inventory:

Hand Weapons
 b - a cursed -1 dagger (weapon)
 j - a +0 hunting sling of freezing
 n - a +0 short sword
Missiles
 h - 12 poisoned needles
Armour
 a - a +0 robe (worn)
 e - a +0 shield (worn)
 g - a +1 pair of gloves (worn)
Scrolls
 f - a scroll of amnesia {unknown}
 l - a scroll of identify
 m - a scroll of teleportation {unknown}
Potions
 i - a potion of ambrosia
 k - a potion of resistance {unknown}
Comestibles
 c - 2 rations
 d - 2 chunks of flesh


   Skills:
 + Level 0.8 Short Blades
 + Level 0.4 Armour
 + Level 2.1 Dodging
 + Level 2.1 Stealth
 + Level 0.8 Shields
 + Level 2.2 Spellcasting
 + Level 4.2 Conjurations


You had 5 spell levels left.
You knew the following spells:

 Your Spells              Type           Power        Failure   Level  Hunger
a - Magic Dart            Conj           ###.         16%         1    #......

Your spell library contained the following spells:

 Spells                   Type           Power        Failure   Level  Hunger
 Searing Ray              Conj           ###...       24%         2    ##.....
 Dazzling Spray           Conj/Hex       ##....       73%         3    ###....
 Iskenderun's Mystic Bla  Conj           ###.....     83%         4    #####..
 Force Lance              Conj/Tloc      ##......     98%         4    #####..
 Fulminant Prism          Conj/Hex       ##........   98%         4    #####..


Dungeon Overview and Level Annotations

Branches:
Dungeon (2/15)

Annotations:
D:2 Sigmund


Innate Abilities, Weirdness & Mutations

You have an increased reservoir of magic. (+10% MP)


Message History

Sigmund is severely wounded.
You closely miss Sigmund.
Sigmund is severely wounded.
Sigmund barely misses you.
Casting: Magic Dart (safe; 16% risk of failure)
Confirm with . or Enter, or press ? or * to list all spells.
Aiming: Magic Dart (safe; 16% risk of failure)
Press: ? - help, Shift-Dir - straight line, f/p - Sigmund
Aim: Sigmund, wielding a scythe of pain and wearing a runed robe (severely The magic dart hits Sigmund.
Sigmund is severely wounded.
Sigmund misses you.
You hit Sigmund but do no damage.
Sigmund is severely wounded.
Sigmund gestures at you while chanting.
You are confused.
You're too confused to move!
Sigmund casts a spell at you. The magic dart hits you!
You die...

##.#..####
#......#.##....
#.#....<#
#......#.######
#.#.#####
######.#.......
..#.# ..#..###..
..#.# ..#..# #..
#.# .##..# ##. #.#
############ #..#
#. #.# #.....$....#
#..# #. #.#
#....@..#.## #..#
## #.#
####..@.#.#####..#
#
........#........#
####.#.#########.#
...... #.###
###.#.###.#####...#
#.#.#.........#.#
#.#.#.#.#####.#.#
#. #.#.#


You could see Sigmund.

Vanquished Creatures
  Natasha (D:2)
  2 oozes (D:1)
  A dart slug (D:1)
  A ball python (D:1)
  3 giant cockroaches (D:1)
  5 hobgoblins
  3 jackals (D:2)
  3 kobolds (D:1)
  A bat (D:1)
  10 frilled lizards
  6 goblins (D:1)
  7 rats (D:1)
43 creatures vanquished.

Notes
Turn   | Place    | Note
-------+----------+-------------------------------------------
     0 | D:1      | JedernureinKreuz the Demigod Conjurer began the quest for
                  | the Orb.
     0 | D:1      | Reached XP level 1. HP: 14/14 MP: 5/5
   138 | D:1      | Reached skill level 4 in Conjurations
   160 | D:1      | Reached XP level 2. HP: 13/20 MP: 2/7
   654 | D:1      | Reached XP level 3. HP: 11/26 MP: 8/8
  1523 | D:2      | Found a blossoming altar of Fedhas.
  1524 | D:2      | Found a shimmering altar of Xom.
  1566 | D:2      | Noticed Natasha
  1575 | D:2      | Killed Natasha
  1678 | D:2      | Noticed Sigmund
  1717 | D:2      | Killed from afar by Sigmund

Skill      XL: |  1  2 |
---------------+-------+-----
Conjurations   | 4 |  4.2
Spellcasting   | 2 |  2.2
Stealth        | 2 |  2.1
Dodging        | 2 |  2.1
Short Blades   | |  0.8
Armour         | |  0.4
Shields        | |  0.8

Action                   || total
-------------------------++-------
Melee: Dagger            ||   117
       Unarmed           ||     7
 Cast: Magic Dart        ||    71
  Use: Scroll            ||     2
 Stab: Sleeping          ||     3
  Eat: Chunk             ||     3
Armor: Robe              ||    30
Dodge: Dodged            ||    49
Block: Shield            ||    33
